Unix NetHack Version 5.0.0-0 post-release - last build May 23 2026 06:08:33 (1c0ff79ee797540d5714e4e18072db0edd9e58ae,branch:main).

Game began 2026-05-26 18:39:47, ended 2026-05-27 00:11:29.

Conradmonkey, neutral male gnomish Wizard

                                                       ----------
                                                       |........|
   -----     ----------------               ------     |........|
   |[..|     |..............|              #"....|     |.........#
   |.>.|     |..............|            ###|....|     |.<......|#
   |...|    #-..............|            # #-....|     ------.---#
   |...|    #|..............|            # #|....-#      #  ##   #
   |...|    #-----.----------       #i@f## #|....|#      #  #    #
   -|---    #     ##       ####    ##      #----- #      ####   ##
    ###     #      #          ##   #       #      #      ##     #
      #     #      #           #   #       #      #      ##     #
      )##   #      #           #   #       #      ##     ##     #
        #   #     ###        #######       #       #     ##     #
        ##  #    ---.----- ### #           #       ###---|-     #-------
   ------.--#    |........##   ######      #         #|...|     #......|
   |.......|#    |.......|       ---.------#         #|...|      |)^...|
   |........#    |.......-#######.........|#         #-...|######-.....|
   |.......|     |.......|       |........|           |...|#     -------
   ---------     ---------       ----------           -----#

Conradmonkey the Conjurer  St:5 Dx:18 Co:16 In:19 Wi:10 Ch:8  Neutral
Dlvl:3  $:57 HP:0(37) Pw:55(55) AC:7  Xp:5 T:5636  Fainting

Latest messages:
 The kobold shaman turns to flee.
 You kill the kobold shaman!
 You faint from lack of food.
 You regain consciousness.
 There is a kobold shaman corpse here; eat it? [ynq] (n) y
 Ecch - that must have been poisonous!
 You seem unaffected by the poison.
 You hear the footsteps of a guard on patrol.
 You are still weak.
 You finish eating the kobold shaman corpse.
 f - a scroll labeled VERR YED HORRE.
 What do you want to read? [fk-myAB or ?*] f
 As you read the scroll, it disappears.
 A lit field surrounds you!
 You don't have anything to eat.
 The imp hits!
 You hit the imp.
 The imp hits!
 You miss the imp.
 The imp hits!
 "This time I shall let thee off with a spanking, but let it not happen again."
 You hit the imp.
 The imp hits!
 You hit the imp.
 The imp just misses!
 You are too hungry to cast that spell.
 You miss the imp.
 The imp hits!
 "Why search for the Amulet?  Thou wouldst but lose it, cretin."
 You faint from lack of food.
 The imp hits!
 The imp hits!
 The imp hits!
 The imp hits!
 The imp hits!
 The imp hits!
 The imp hits!
 The imp hits!
 The imp hits!
 The imp hits!
 You regain consciousness.
 You hit the imp!
 The imp hits!
 You miss the imp.
 The imp hits!
 You die...
 Do you want your possessions identified? [ynq] (y) y
 Do you want to see your attributes? [ynq] (y) y
 Do you want an account of creatures vanquished? [ynaq] (y) y
 Do you want to see your conduct and achievements? [ynq] (y) q

Inventory:
 Coins    ('$')
  $ - 57 gold pieces
 Weapons  (')')
  a - a blessed +2 quarterstaff (weapon in hands)
 Armor    ('[')
  z - an uncursed +0 orcish helm (being worn)
  b - an uncursed +0 cloak of magic resistance (being worn)
 Scrolls  ('?')
  A - an uncursed scroll of blank paper
  B - a cursed scroll of blank paper
  y - an uncursed scroll of food detection
  k - a blessed scroll of remove curse
 Spellbooks  ('+')
  l - a blessed spellbook of force bolt
  m - an uncursed spellbook of slow monster
 Potions  ('!')
  g - a blessed potion of oil
  h - an uncursed potion of sleeping
 Rings    ('=')
  e - an uncursed ring of poison resistance (on left hand)
  d - an uncursed +1 ring of protection (on right hand)
 Wands    ('/')
  c - a wand of cold (0:7)
 Tools    ('(')
  o - an empty uncursed bag of holding
  n - a magic marker (0:7)

Conradmonkey the Wizard's attributes:

Background:
 You were a Conjurer, a level 5 male gnomish Wizard.
 You were neutral, on a mission for Thoth
 who was opposed by Ptah (lawful) and Anhur (chaotic).
 You were right-handed.
 You were in the Dungeons of Doom, on level 3.
 You entered the dungeon 5636 turns ago.
 It was the midnight hour.
 You had 237 experience points, 83 more were needed to attain level 6.

Basics:
 You had 0 out of 37 hit points.
 You had all 55 energy points (spell power).
 Your armor class was 7.
 Your wallet contained 57 zorkmids.
 Autopickup was off.

Final Characteristics:
 Your strength was 5 (base:6, limit:18/50).
 Your dexterity was 18 (limit:18).
 Your constitution was 16 (limit:18).
 Your intelligence was 19 (limit:19).
 Your wisdom was 10 (limit:18).
 Your charisma was 8 (limit:18).

Final Status:
 You were fainting due to starvation.
 You were unencumbered.
 You were wielding a quarterstaff.
 You had basic skill with quarterstaff.

Final Attributes:
 You were piously aligned.
 You were magic-protected.
 You were poison resistant.
 You were telepathic.
 You had infravision.
 You had a small defense bonus (+1).
 You were guarded.
 You were unlucky.
 Thoth was angry with you.
 You are dead.

Miscellaneous:
 You didn't encounter any bones levels.
 Total elapsed playing time was 45 minutes and 41 seconds.

Major events:
 Turn
    1: Conradmonkey the neutral male gnomish Wizard entered the dungeon
 1275: attained the rank of Conjurer (level 3)
 5636: killed by an imp

Spells:
 Name                 Level Category     Fail Retention
 force bolt             1   attack         0%   71%-80%
 slow monster           2   enchantment    0%   71%-80%

Skills:
 Fighting Skills
   bare handed combat [Unskilled]
   riding             [Unskilled]
 Weapon Skills
   dagger             [Unskilled]
   knife              [Unskilled]
   axe                [Unskilled]
   short sword        [Unskilled]
   club               [Unskilled]
   mace               [Unskilled]
   quarterstaff       [Basic]
   polearms           [Unskilled]
   spear              [Unskilled]
   trident            [Unskilled]
   sling              [Unskilled]
   dart               [Unskilled]
   shuriken           [Unskilled]
 Spellcasting Skills
   attack spells      [Basic]
   healing spells     [Unskilled]
   divination spells  [Unskilled]
   enchantment spells [Basic]
   clerical spells    [Unskilled]
   escape spells      [Unskilled]
   matter spells      [Unskilled]

Voluntary challenges:
 Character rerolling was not enabled.
 You never genocided any monsters.
 You never polymorphed an object.
 You never changed form.
 You used no wishes.
Achievement:
 You attained the rank of Conjurer.

 The Dungeons of Doom: levels 1 to 3
    Level 1:
    Level 2:
       A fountain.
    Level 3: <- You were here.
       Final resting place for
          you, killed by an imp.


Vanquished creatures:
  a rock piercer
  a fog cloud
  a shrieker
  a paper golem
  3 floating eyes
  a kitten
  a kobold shaman
 an orc zombie
 an acid blob
  a hobgoblin
  5 cave spiders
  a yellow mold
  2 green molds
  a red mold
  a gnome
  3 garter snakes
  a gnome zombie
  5 geckos
 15 jackals
  4 foxes
  a kobold
  4 goblins
  8 sewer rats
  7 grid bugs
  2 bats
  7 lichens
  2 kobold zombies
 16 newts
97 creatures vanquished.

No species were genocided or became extinct.

Game over:
                       ----------
                      /          \
                     /    REST    \
                    /      IN      \
                   /     PEACE      \
                  /                  \
                  |   Conradmonkey   |
                  |      57 Au       |
                  | killed by an imp |
                  |                  |
                  |                  |
                  |                  |
                  |       2026       |
                 *|     *  *  *      | *
        _________)/\\_//(\/(/\)/\//\/|_)_______

Goodbye Conradmonkey the Wizard...

You died in The Dungeons of Doom on dungeon level 3 with 1130 points,
and 57 pieces of gold, after 5636 moves.
You were level 5 with a maximum of 37 hit points when you died.

